AoeStats
← 鄙人張麻子

Arena

508212349Analyzed
4v4 RM · 11d ago on Sep 21, 2026· 51m 10s· 8 players
Game mode
Random Map
Map size
Large (8 player)
Population
200
Speed
Normal
Resources
Standard
Victory
Conquest
Starting age
Dark Age
Ending age
Imperial Age
RankedLock teamsTeams togetherTeam positionsShared explorationLock speedFull tech treeHidden civsTurbo modeCheats
Victory
Defeat
🇹🇼 Turks · Taiwan
1248
+9
🇹🇼 Georgians · Taiwan
1203
+11
🇹🇼 Mongols · Taiwan
1020
+18
🇹🇼 Spanish · Taiwan
887
+24
🇫🇷 Huns · France
1124
-17
🇨🇳 Ethiopians · China
1096
-16
🇭🇰 Bohemians · Hong Kong SAR China
1072
-15
🇨🇳 Vietnamese · China
1030
-14
世紀垃圾
10:33 Feudal Age
14:20 Castle Age
12:26 Double-Bit Axe
12:51 Horse Collar
13:42 Loom
14:53 Scale Barding Armor
16:30 Chain Barding Armor
21:47 Bloodlines
28:04 Wheelbarrow
30:34 Bow Saw
30:27 Heavy Plow
32:42 Fletching
36:12 Imperial Age
40:18 Imperial Age
38:09 Hand Cart
38:15 Loom
43:04 Stone Mining
46:16 Ballistics
46:32 Thumb Ring
46:31 Elite Skirmisher
47:09 Bodkin Arrow
50:10 Bracer
51:23 Chemistry
鄙人張麻子
10:53 Feudal Age
14:34 Castle Age
13:04 Double-Bit Axe
13:02 Horse Collar
13:41 Double-Bit Axe
15:34 Bow Saw
15:58 Heavy Plow
20:57 Wheelbarrow
21:35 Gold Mining
23:38 Fletching
24:25 Loom
33:20 Imperial Age
31:34 Stone Mining
31:49 Padded Archer Armor
32:43 Hand Cart
34:04 Ballistics
34:50 Artillery
37:47 Two-Man Saw
37:26 Caravan
37:26 Bodkin Arrow
39:15 Scale Barding Armor
39:20 Forging
39:12 Bracer
39:28 Leather Archer Armor
40:01 Treadmill Crane
40:22 Heavy Cavalry Archer
41:07 Thumb Ring
41:28 Parthian Tactics
43:07 Ring Archer Armor
43:01 Bombard Tower
42:39 Stone Mining
43:50 Scale Barding Armor
43:56 Forging
45:39 Chain Barding Armor
46:21 Bloodlines
46:12 Husbandry
46:35 Sipahi
46:36 Conscription
49:06 Hoardings
48:46 Masonry
48:31 Murder Holes
老雞白
3:28 Loom
10:40 Feudal Age
14:39 Castle Age
12:55 Double-Bit Axe
13:28 Horse Collar
15:31 Bow Saw
15:27 Heavy Plow
21:54 Wheelbarrow
24:17 Stone Mining
24:20 Gold Mining
25:41 Hand Cart
28:18 Imperial Age
25:33 Loom
25:34 Town Watch
26:49 Scale Barding Armor
26:55 Forging
27:25 Bloodlines
27:27 Husbandry
29:18 Chain Barding Armor
30:37 Plate Barding Armor
30:37 Iron Casting
29:39 Elite Monaspa
30:41 Conscription
33:44 Blast Furnace
32:15 Light Cavalry
34:17 Caravan
35:23 Fletching
36:19 Fortified Wall
36:55 Bodkin Arrow
37:22 Aznauri Cavalry
39:00 Ballistics
39:42 Chemistry
38:39 Murder Holes
40:12 Guard Tower
41:25 Svan Towers
41:50 Bracer
44:13 Keep
43:24 Arrowslits
47:09 Hoardings
48:36 Pikeman
49:16 Squires
49:18 Scale Mail Armor
51:08 Crop Rotation
50:18 Halberdier
51:26 Chain Mail Armor
春元胯下巨蟒
11:31 Feudal Age
15:42 Castle Age
14:06 Loom
14:52 Stone Mining
15:30 Double-Bit Axe
24:02 Wheelbarrow
24:45 Bow Saw
25:00 Padded Archer Armor
29:24 Hand Cart
35:23 Horse Collar
38:18 Imperial Age
36:46 Forging
36:42 Scale Barding Armor
36:19 Pikeman
47:07 Chain Barding Armor
47:24 Iron Casting
48:52 Scale Mail Armor
Iced0ux
10:54 Feudal Age
14:59 Castle Age
13:28 Double-Bit Axe
14:02 Horse Collar
17:10 Bow Saw
22:16 Gold Mining
23:57 Gold Shaft Mining
25:52 Husbandry
26:04 Bloodlines
29:06 Imperial Age
26:52 Forging
26:47 Light Cavalry
27:35 Scale Barding Armor
28:15 Marauders
28:56 Iron Casting
28:42 Chain Barding Armor
28:52 Heavy Plow
28:41 Loom
29:43 Elite Tarkan
35:10 Cavalier
40:32 Hussar
44:19 Fletching
44:29 Padded Archer Armor
45:30 Blast Furnace
46:01 Parthian Tactics
47:18 Ballistics
47:58 Chemistry
47:18 Leather Archer Armor
47:34 Heavy Cavalry Archer
49:09 Bodkin Arrow
趣味鸡动哥
11:51 Feudal Age
12:49 Double-Bit Axe
12:49 Horse Collar
15:48 Castle Age
17:13 Scale Mail Armor
17:18 Gold Mining
22:55 Chain Mail Armor
23:58 Forging
30:01 Bow Saw
29:54 Heavy Plow
31:37 Gold Shaft Mining
31:42 Wheelbarrow
31:52 Loom
34:27 Hand Cart
36:48 Imperial Age
34:05 Town Watch
35:51 Ballistics
36:11 Fortified Wall
36:28 Ballistics
37:10 Iron Casting
37:09 Masonry
37:42 Squires
37:15 Halberdier
37:42 Arson
38:31 Plate Mail Armor
41:01 Blast Furnace
品哥揍老外
11:41 Feudal Age
14:02 Loom
18:15 Castle Age
16:14 Double-Bit Axe
16:21 Stone Mining
16:22 Gold Mining
16:14 Horse Collar
16:47 Fletching
23:36 Squires
27:25 Bow Saw
27:35 Padded Archer Armor
37:46 Stone Shaft Mining
43:02 Imperial Age
41:11 Wheelbarrow
40:22 Town Watch
41:50 Scale Barding Armor
42:04 Forging
41:57 Heavy Plow
42:31 Hand Cart
43:35 Husbandry
43:46 Bloodlines
44:13 Paper Money
43:54 Chatras
44:21 Town Patrol
44:09 Elite Battle Elephant
46:24 Two-Man Saw
46:07 Chain Barding Armor
46:38 Iron Casting
45:59 Bodkin Arrow
46:36 Elite Skirmisher
47:51 Crop Rotation
47:57 Thumb Ring
48:23 Imperial Skirmisher
49:32 Ballistics
50:13 Chemistry
49:19 Siege Engineers
48:55 Treadmill Crane
50:54 Plate Barding Armor
50:20 Bracer
50:35 Leather Archer Armor
169198821
10:52 Feudal Age
11:17 Horse Collar
17:16 Castle Age
18:12 Loom
22:17 Heavy Plow
27:08 Imperial Age
24:29 Pikeman
27:13 Wheelbarrow
30:16 Imperial Age
31:05 Imperial Age
34:33 Hand Cart
34:14 Fletching
40:24 Halberdier
41:04 Squires
40:51 Arson
46:47 Scale Mail Armor
46:57 Forging
47:59 Double-Bit Axe
49:10 Bow Saw
Connection lost

Rejoining the realm…

Still unreachable

The connection could not be restored.

Session expired

The server has moved on; the page needs a fresh start.